ITL
TOPEKA TORNADOS @ TRENTON STARS
09/01/2026
 
TOP OF THE 1ST
Topeka Tornados batting - Pitching for Trenton Stars : RHP Juan Vázquez
Pitching: RHP Juan Vázquez
Batting: RHB Gabriel Santana 0-0: Called Strike
0-1: Foul Ball, location: 2F
0-2: Ball
1-2: Fly out, F8 (Flyball, 8RD)
Batting: RHB José Pinto 0-0: Foul Ball, location: 2F
0-1: Swinging Strike
0-2: Ball
1-2: Strikes out swinging
Batting: RHB Bob Hall 0-0: Ball
1-0: Called Strike
1-1: Ball
2-1: Ground out 5-3 (Groundball, 5S)
Top of the 1st over - 0 run(s), 0 hit(s), 0 error(s), 0 left on base; Topeka 0 - Trenton 0
BOTTOM OF THE 1ST
Trenton Stars batting - Pitching for Topeka Tornados : LHP Seiichi Yamamoto
Pitching: LHP Seiichi Yamamoto
Batting: SHB Nick Marshall 0-0: Ground out 4-3 (Groundball, 4M)
Batting: RHB Jesús Dávila 0-0: Foul Ball, location: 2F
0-1: Ball
1-1: SINGLE (Groundball, 6MD)
Batting: RHB Nick Bowman 0-0: Ball
1-0: Ball
2-0: Fly out, F1 (Line Drive, 13S)
Batting: SHB Rafael Villa 0-0: Ball
1-0: SINGLE (Flyball, 8LS)
Jesús Dávila to second
Batting: RHB Rafael Canales 0-0: Called Strike
0-1: Ball
1-1: Called Strike
1-2: Ball
2-2: Ball
3-2: DOUBLE (Line Drive, 7D)
Jesús Dávila scores
Rafael Villa to third
Rafael Villa scores
Batting: RHB Jonas Uttley 0-0: Ball
1-0: Ball
2-0: Foul Ball, location: 2F
2-1: Ball
3-1: Fly out, F4 (Popup, 34)
Bottom of the 1st over - 2 run(s), 3 hit(s), 0 error(s), 1 left on base; Topeka 0 - Trenton 2
TOP OF THE 2ND
Topeka Tornados batting - Pitching for Trenton Stars : RHP Juan Vázquez
Batting: LHB Yoshiaki Ohayashi 0-0: Ball
1-0: Foul Ball, location: 2F
1-1: Ball
2-1: Ball
3-1: Base on Balls
Batting: RHB Don Thomas 0-0: Ball
1-0: Foul Ball, location: 2F
1-1: Called Strike
1-2: Foul Ball, location: 2F
1-2: Ball
2-2: Ground out 5-3 (Groundball, 5S)
Yoshiaki Ohayashi to second
Batting: RHB Cho-yun Qiao 0-0: Ball
1-0: Foul Ball, location: 2F
1-1: DOUBLE (Flyball, 89XD)
Yoshiaki Ohayashi scores
Batting: LHB Tom Robinson 0-0: Ball
1-0: Called Strike
Cho-yun Qiao is caught stealing 3rd base
1-1: Ball
2-1: Foul Ball, location: 2F
2-2: Ball
3-2: SINGLE (Groundball, 34D)
Pitching: RHP Alfredo Ruíz
Batting: RHB Armando Méndez 0-0: Reached on error, E6 (Groundball, 6)
Tom Robinson to second
Batting: LHB Pedro Cruz 0-0: Fly out, F9 (Flyball, 89S)
Top of the 2nd over - 1 run(s), 2 hit(s), 1 error(s), 2 left on base; Topeka 1 - Trenton 2
BOTTOM OF THE 2ND
Trenton Stars batting - Pitching for Topeka Tornados : LHP Seiichi Yamamoto
Batting: LHB Ju-wei Shiu 0-0: Foul Ball, location: 2F
0-1: Ball
1-1: Foul Ball, location: 2F
1-2: Foul Ball, location: 2F
1-2: Ball
2-2: Ball
3-2: Strikes out swinging
Batting: LHB Alberto Gómez 0-0: Foul Ball, location: 2F
0-1: Swinging Strike
0-2: Strikes out swinging
Batting: RHB Chris Cole 0-0: Ball
1-0: Ball
2-0: Ball
3-0: Called Strike
3-1: Base on Balls
Batting: SHB Nick Marshall 0-0: Foul Ball, location: 2F
0-1: Ball
1-1: Ball
2-1: Foul Ball, location: 2F
2-2: Strikes out swinging
Bottom of the 2nd over - 0 run(s), 0 hit(s), 0 error(s), 1 left on base; Topeka 1 - Trenton 2
TOP OF THE 3RD
Topeka Tornados batting - Pitching for Trenton Stars : RHP Alfredo Ruíz
Batting: RHB Gabriel Santana 0-0: Called Strike
0-1: Ball
1-1: Foul Ball, location: 2F
1-2: Ball
2-2: Foul Ball, location: 2F
2-2: Ball
3-2: DOUBLE (Flyball, 8LXD)
Batting: RHB José Pinto 0-0: Ball
1-0: Fly out, F5 (Line Drive, 5)
Batting: RHB Bob Hall 0-0: Swinging Strike
0-1: Called Strike
0-2: DOUBLE (Line Drive, 7LM)
Gabriel Santana scores
Batting: LHB Yoshiaki Ohayashi 0-0: Foul Ball, location: 2F
0-1: DOUBLE (Flyball, 8LXD)
Bob Hall scores
Batting: RHB Don Thomas 0-0: Ball
1-0: SINGLE (Line Drive, 56D)
Yoshiaki Ohayashi to third
Runner from 3rd tries for Home, SAFE, throw made home
Don Thomas to second
Batting: RHB Cho-yun Qiao 0-0: Ball
1-0: Ball
2-0: Ground out 6-3 (Groundball, 6M)
Don Thomas to third
Batting: LHB Tom Robinson 0-0: Ball
1-0: Ball
2-0: Ball
3-0: Foul Ball, location: 2F
3-1: SINGLE (Flyball, 8LS)
Don Thomas scores
Batting: RHB Armando Méndez 0-0: Ball
1-0: Called Strike
1-1: Called Strike
1-2: Ball
2-2: Foul Ball, location: 2F
2-2: Ground out 4-3 (Groundball, 4)
Top of the 3rd over - 4 run(s), 5 hit(s), 0 error(s), 1 left on base; Topeka 5 - Trenton 2
BOTTOM OF THE 3RD
Trenton Stars batting - Pitching for Topeka Tornados : LHP Seiichi Yamamoto
Batting: RHB Jesús Dávila 0-0: Ball
1-0: Called Strike
1-1: Ball
2-1: Swinging Strike
2-2: Strikes out swinging
Batting: RHB Nick Bowman 0-0: Ball
1-0: Ball
2-0: Ball
3-0: Base on Balls
Batting: SHB Rafael Villa 0-0: Ball
1-0: Foul Ball, location: 2F
1-1: Swinging Strike
1-2: Ball
2-2: Strikes out swinging
Batting: RHB Rafael Canales 0-0: Ball
1-0: Ball
2-0: Called Strike
2-1: SINGLE (Flyball, 8LS)
Nick Bowman to second
Batting: RHB Jonas Uttley 0-0: Called Strike
0-1: SINGLE (Line Drive, 56D)
Nick Bowman to third
Rafael Canales to second
Batting: LHB Ju-wei Shiu 0-0: Swinging Strike
0-1: Swinging Strike
0-2: Strikes out swinging
Bottom of the 3rd over - 0 run(s), 2 hit(s), 0 error(s), 3 left on base; Topeka 5 - Trenton 2
TOP OF THE 4TH
Topeka Tornados batting - Pitching for Trenton Stars : RHP Alfredo Ruíz
Batting: LHB Pedro Cruz 0-0: Ball
1-0: Ball
2-0: SINGLE (Line Drive, 8RS)
Batting: RHB Gabriel Santana 0-0: Ball
Pedro Cruz is caught stealing 2nd base
1-0: Swinging Strike
1-1: Ground out 6-3 (Groundball, 6MS)
Batting: RHB José Pinto 0-0: Foul Ball, location: 2F
0-1: Ball
1-1: Ball
2-1: Ball
3-1: Base on Balls
Batting: RHB Bob Hall 0-0: Ball
1-0: Ball
José Pinto steals 2nd base
2-0: Called Strike
2-1: Swinging Strike
2-2: Ball
3-2: Base on Balls
Batting: LHB Yoshiaki Ohayashi 0-0: Called Strike
0-1: Ball
1-1: Called Strike
1-2: 3-RUN HOME RUN (Flyball, 8RXD), Distance : 419 ft
Batting: RHB Don Thomas 0-0: Ball
1-0: SINGLE (Line Drive, 7LS)
Batting: RHB Cho-yun Qiao 0-0: Called Strike
Throwing error on steal attempt, E2
Don Thomas to third
Single, Error in OF, E8, batter to second base
Don Thomas scores
Batting: LHB Tom Robinson 0-0: Called Strike
0-1: Ball
Wild Pitch!
Cho-yun Qiao to third
1-1: Ball
2-1: Swinging Strike
2-2: Ball
3-2: Foul Ball, location: 2F
3-2: Foul Ball, location: 2F
3-2: Base on Balls
Pitching: RHP Rob Bass
Batting: RHB Armando Méndez 0-0: Foul Ball, location: 2F
0-1: Foul Ball, location: 2F
0-2: Ball
1-2: Ball
2-2: Fly out, F8 (Flyball, 8RM)
Top of the 4th over - 4 run(s), 4 hit(s), 2 error(s), 2 left on base; Topeka 9 - Trenton 2
BOTTOM OF THE 4TH
Trenton Stars batting - Pitching for Topeka Tornados : LHP Seiichi Yamamoto
Batting: LHB Alberto Gómez 0-0: Called Strike
0-1: Swinging Strike
0-2: Strikes out swinging
Batting: RHB Chris Cole 0-0: Ball
1-0: Swinging Strike
1-1: Swinging Strike
1-2: Foul Ball, location: 2F
1-2: Foul Ball, location: 2F
1-2: Ball
2-2: Ball
3-2: Foul Ball, location: 2F
3-2: DOUBLE (Line Drive, 7LM)
Batting: SHB Nick Marshall 0-0: Ball
1-0: Ball
2-0: Ground out 6-3 (Groundball, 6)
Batting: RHB Jesús Dávila 0-0: Called Strike
0-1: Ground out 6-3 (Groundball, 6M)
Bottom of the 4th over - 0 run(s), 1 hit(s), 0 error(s), 1 left on base; Topeka 9 - Trenton 2
TOP OF THE 5TH
Topeka Tornados batting - Pitching for Trenton Stars : RHP Rob Bass
Batting: LHB Pedro Cruz 0-0: Ball
1-0: Ball
2-0: Called Strike
2-1: Called Strike
2-2: Ball
3-2: Fly out, F9 (Flyball, 89M)
Batting: RHB Gabriel Santana 0-0: Foul Ball, location: 2F
0-1: Ball
1-1: Foul Ball, location: 2F
1-2: Ball
2-2: Ball
3-2: Foul Ball, location: 2F
3-2: Base on Balls
Batting: RHB José Pinto 0-0: Fly out, F8 (Flyball, 8LM)
Batting: RHB Bob Hall 0-0: Called Strike
0-1: Ball
1-1: Ball
2-1: Ground out 6-3 (Groundball, 6)
Top of the 5th over - 0 run(s), 0 hit(s), 0 error(s), 1 left on base; Topeka 9 - Trenton 2
BOTTOM OF THE 5TH
Trenton Stars batting - Pitching for Topeka Tornados : LHP Seiichi Yamamoto
Batting: RHB Nick Bowman 0-0: Ball
1-0: Foul Ball, location: 2F
1-1: Foul Ball, location: 2F
1-2: Strikes out swinging
Batting: SHB Rafael Villa 0-0: Ball
1-0: Called Strike
1-1: Ball
2-1: Foul Ball, location: 2F
2-2: Ground out 6-3 (Groundball, 6M)
Batting: RHB Rafael Canales 0-0: Ball
1-0: Called Strike
1-1: Called Strike
1-2: Ball
2-2: Ball
3-2: Base on Balls
Pitching: RHP Reginaldo Coscia
Batting: RHB Jonas Uttley 0-0: Fly out, F8 (Flyball, 8RXD)
Bottom of the 5th over - 0 run(s), 0 hit(s), 0 error(s), 1 left on base; Topeka 9 - Trenton 2
TOP OF THE 6TH
Topeka Tornados batting - Pitching for Trenton Stars : RHP Rob Bass
Batting: LHB Yoshiaki Ohayashi 0-0: Ball
1-0: Ball
2-0: Ball
3-0: Base on Balls
Batting: RHB Don Thomas 0-0: Ball
1-0: Ball
2-0: Fly out, F4 (Popup, 4MD)
Batting: RHB Cho-yun Qiao 0-0: Called Strike
0-1: Fly out, F7 (Flyball, 7S)
Batting: LHB Tom Robinson 0-0: Ball
1-0: Ball
2-0: Foul Ball, location: 2F
2-1: Ball
Wild Pitch!
Yoshiaki Ohayashi to second
3-1: Base on Balls
Batting: RHB Armando Méndez 0-0: Ball
1-0: Swinging Strike
1-1: Ball
2-1: Ball
3-1: DOUBLE (Flyball, 89XD)
Yoshiaki Ohayashi scores
Tom Robinson to third
Batting: LHB Pedro Cruz 0-0: Called Strike
0-1: Ball
1-1: Ball
2-1: Ball
3-1: DOUBLE (Flyball, 8LXD)
Tom Robinson scores
Armando Méndez scores
Batting: RHB Gabriel Santana 0-0: Ball
1-0: Called Strike
1-1: Called Strike
1-2: SINGLE (Line Drive, 6MD)
Pedro Cruz to third
Runner from 3rd tries for Home, SAFE, no throw or cutoff
Batting: RHB José Pinto 0-0: Ball
Gabriel Santana steals 2nd base
1-0: Swinging Strike
1-1: Called Strike
1-2: Ball
2-2: Foul Ball, location: 2F
2-2: DOUBLE (Line Drive, 9LM)
Gabriel Santana scores
Batting: RHB Bob Hall 0-0: Fly out, F4 (Popup, 8RS)
Top of the 6th over - 5 run(s), 4 hit(s), 0 error(s), 1 left on base; Topeka 14 - Trenton 2
BOTTOM OF THE 6TH
Trenton Stars batting - Pitching for Topeka Tornados : RHP Reginaldo Coscia
Batting: LHB Ju-wei Shiu 0-0: Ball
1-0: Ball
2-0: Called Strike
2-1: Ball
3-1: Foul Ball, location: 2F
3-2: Strikes out swinging
Batting: LHB Alberto Gómez 0-0: Called Strike
0-1: SINGLE (Line Drive, 6MD)
Batting: RHB Chris Cole 0-0: Called Strike
0-1: Ball
1-1: Ball
2-1: Ball
3-1: Called Strike
3-2: Foul Ball, location: 2F
3-2: Grounds into double play, 5-4-3 (Groundball, 5)
Bottom of the 6th over - 0 run(s), 1 hit(s), 0 error(s), 0 left on base; Topeka 14 - Trenton 2
TOP OF THE 7TH
Topeka Tornados batting - Pitching for Trenton Stars : RHP Rob Bass
Batting: LHB Yoshiaki Ohayashi 0-0: Swinging Strike
0-1: Ball
1-1: Ball
2-1: Ball
3-1: Base on Balls
Batting: RHB Don Thomas 0-0: Ball
1-0: SINGLE (Line Drive, 7LS)
Yoshiaki Ohayashi to second
Batting: RHB Cho-yun Qiao 0-0: Called Strike
0-1: Bunted foul
0-2: Ball
1-2: Foul Ball, location: 2F
1-2: Ball
2-2: Foul Ball, location: 2F
2-2: Ball
3-2: Base on Balls
Yoshiaki Ohayashi to third
Don Thomas to second
Batting: LHB Tom Robinson 0-0: Foul Ball, location: 2F
0-1: Ball
1-1: Ball
2-1: Ball
3-1: SINGLE (Line Drive, 6MD)
Yoshiaki Ohayashi scores
Don Thomas to third
Cho-yun Qiao to second
Runner from 3rd tries for Home, SAFE, throw made home
Batting: RHB Armando Méndez 0-0: SINGLE (Line Drive, 78S)
Cho-yun Qiao to third
Tom Robinson to second
Runner from 3rd tries for Home, SAFE, throw made home
Batting: LHB Pedro Cruz 0-0: Ball
1-0: Bunted foul
1-1: Ball
2-1: Sac Bunt - play at first, batter OUT! 1-4
Tom Robinson to third
Armando Méndez to second
Batting: RHB Gabriel Santana 0-0: Ball
1-0: Swinging Strike
1-1: Foul Ball, location: 2F
1-2: SINGLE (Groundball, 4MD)
Tom Robinson scores
Armando Méndez to third
Runner from 3rd tries for Home, SAFE, throw made home
Batting: RHB José Pinto 0-0: Ball
Balk!
Gabriel Santana to second
1-0: Ball
2-0: Ball
Balk!
Gabriel Santana to third
3-0: Called Strike
3-1: Base on Balls
Batting: RHB Bob Hall 0-0: Foul Ball, location: 2F
0-1: Fly out, F3 (Popup, 34S)
Batting: LHB Yoshiaki Ohayashi 0-0: Ball
1-0: Ball
2-0: Called Strike
Balk!
Gabriel Santana scores
José Pinto to second
2-1: 2-RUN HOME RUN (Flyball, 89XD), Distance : 399 ft
Batting: RHB Don Thomas 0-0: Foul Ball, location: 2F
0-1: Ball
1-1: Ball
2-1: Ball
3-1: SINGLE (Flyball, 78S)
Pitching: RHP José Barajas
Batting: RHB Cho-yun Qiao 0-0: Swinging Strike
0-1: Ball
1-1: Foul Ball, location: 2F
1-2: 2-RUN HOME RUN (Flyball, 7D), Distance : 377 ft
Batting: LHB Tom Robinson 0-0: Ball
1-0: Called Strike
1-1: Ball
2-1: Ball
3-1: Base on Balls
Batting: RHB Armando Méndez 0-0: Ball
1-0: Ball
2-0: Ball
Balk!
Tom Robinson to second
3-0: Base on Balls
Batting: LHB Pedro Cruz 0-0: Ball
1-0: Ball
2-0: Swinging Strike
2-1: Ball
3-1: Called Strike
3-2: Base on Balls
Tom Robinson to third
Armando Méndez to second
Batting: RHB Gabriel Santana 0-0: Ball
1-0: SINGLE (Line Drive, 6MD)
Tom Robinson scores
Armando Méndez to third
Pedro Cruz to second
Throwing error, E8
Armando Méndez scores
Pedro Cruz to third
Gabriel Santana to second
Batting: RHB José Pinto 0-0: Ball
1-0: Ball
2-0: Fly out, F4 (Popup, 4)
Top of the 7th over - 12 run(s), 8 hit(s), 1 error(s), 2 left on base; Topeka 26 - Trenton 2
BOTTOM OF THE 7TH
Trenton Stars batting - Pitching for Topeka Tornados : RHP Reginaldo Coscia
Batting: SHB Nick Marshall 0-0: Fly out, F8 (Flyball, 8RXD)
Batting: RHB Jesús Dávila 0-0: Ball
1-0: Ball
2-0: Called Strike
2-1: Ground out 3-1 (Groundball, 34S)
Batting: RHB Nick Bowman 0-0: Called Strike
0-1: Ball
1-1: Called Strike
1-2: Ball
2-2: Foul Ball, location: 2F
2-2: Strikes out swinging
Bottom of the 7th over - 0 run(s), 0 hit(s), 0 error(s), 0 left on base; Topeka 26 - Trenton 2
TOP OF THE 8TH
Topeka Tornados batting - Pitching for Trenton Stars : RHP José Barajas
Batting: RHB Bob Hall 0-0: Ball
1-0: Ball
2-0: Ball
3-0: Called Strike
3-1: DOUBLE (Line Drive, 7D)
Batting: LHB Yoshiaki Ohayashi 0-0: Ball
1-0: Ball
Balk!
Bob Hall to third
2-0: Ball
3-0: Base on Balls
Batting: RHB Don Thomas 0-0: Fielders Choice at 2nd, 6-4 (Groundball, 6)
Bob Hall scores
Batting: RHB Cho-yun Qiao 0-0: Swinging Strike
0-1: Ball
1-1: Foul Ball, location: 2F
1-2: Ball
2-2: Foul Ball, location: 2F
2-2: Ball
3-2: Foul Ball, location: 2F
3-2: Reached on error, E6 (Groundball, 6)
Don Thomas to second
Batting: LHB Tom Robinson 0-0: Swinging Strike
0-1: Ball
1-1: Ball
2-1: Ball
3-1: Foul Ball, location: 2F
3-2: Foul Ball, location: 2F
3-2: Foul Ball, location: 2F
3-2: Foul Ball, location: 2F
3-2: Base on Balls
Don Thomas to third
Cho-yun Qiao to second
Batting: RHB Armando Méndez 0-0: Ball
1-0: Ball
2-0: Swinging Strike
2-1: Ball
3-1: Foul Ball, location: 2F
3-2: Base on Balls
Don Thomas scores
Cho-yun Qiao to third
Tom Robinson to second
Batting: LHB Pedro Cruz 0-0: Called Strike
0-1: Ball
1-1: Foul Ball, location: 2F
1-2: Foul Ball, location: 2F
1-2: Ball
2-2: Fly out, F7 (Flyball, 7M)
Runner from 3rd tags up, SCORES, throw made
Batting: RHB Gabriel Santana 0-0: Ball
1-0: Ball
2-0: Foul Ball, location: 2F
2-1: Foul Ball, location: 2F
2-2: Foul Ball, location: 2F
2-2: SINGLE (Line Drive, 34D)
Tom Robinson to third
Armando Méndez to second
Batting: RHB José Pinto 0-0: Foul Ball, location: 2F
0-1: Called Strike
0-2: Ball
1-2: Foul Ball, location: 2F
Single, Error in OF, E7, batter to second base
Tom Robinson scores
Armando Méndez scores
Gabriel Santana to third
Batting: RHB Bob Hall 0-0: Called Strike
0-1: Ball
1-1: Ball
2-1: Called Strike
2-2: Foul Ball, location: 2F
2-2: Ball
3-2: Foul Ball, location: 2F
3-2: TRIPLE (Line Drive, 89M)
Gabriel Santana scores
José Pinto scores
Batting: LHB Yoshiaki Ohayashi 0-0: Ball
1-0: Ball
2-0: Ball
Wild Pitch!
Bob Hall scores
3-0: Called Strike
3-1: Base on Balls
Batting: RHB Don Thomas 0-0: Ball
1-0: Swinging Strike
1-1: Swinging Strike
1-2: Ball
2-2: Ball
3-2: SINGLE (Groundball, 5D)
Yoshiaki Ohayashi to second
Yoshiaki Ohayashi to third
Batting: RHB Cho-yun Qiao 0-0: SINGLE (Line Drive, 9S)
Yoshiaki Ohayashi scores
Don Thomas to second
Batting: LHB Tom Robinson 0-0: Called Strike
0-1: Ball
1-1: Foul Ball, location: 2F
1-2: Ball
2-2: Fly out, F8 (Line Drive, 8LD)
Top of the 8th over - 9 run(s), 6 hit(s), 2 error(s), 2 left on base; Topeka 35 - Trenton 2
BOTTOM OF THE 8TH
Trenton Stars batting - Pitching for Topeka Tornados : RHP Reginaldo Coscia
Pitching: LHP Jeremy Meyer
Now at C: Eric Peterson
Batting: SHB Rafael Villa 0-0: Called Strike
0-1: Swinging Strike
0-2: Ball
1-2: Ball
2-2: Strikes out swinging
Batting: RHB Rafael Canales 0-0: Ball
1-0: Foul Ball, location: 2F
1-1: Ball
2-1: Ball
3-1: Foul Ball, location: 2F
3-2: Foul Ball, location: 2F
3-2: Strikes out swinging
Batting: RHB Jonas Uttley 0-0: Ground out 1-3 (Groundball, 34S)
Bottom of the 8th over - 0 run(s), 0 hit(s), 0 error(s), 0 left on base; Topeka 35 - Trenton 2
TOP OF THE 9TH
Topeka Tornados batting - Pitching for Trenton Stars : RHP José Barajas
Pitching: LHP Felipe Guerrero
Batting: RHB Armando Méndez 0-0: Ball
1-0: Foul Ball, location: 2F
1-1: Foul Ball, location: 2F
Single, Error in OF, E7, batter to second base
Batting: LHB Pedro Cruz 0-0: Called Strike
0-1: Ball
1-1: Ball
2-1: Ball
3-1: Base on Balls
Batting: RHB Gabriel Santana 0-0: Swinging Strike
0-1: Foul Ball, location: 2F
0-2: Ball
1-2: Fly out, F6 (Popup, 56)
Pinch Hitting: LHB Raúl Guerra 0-0: Called Strike
0-1: SINGLE (Line Drive, 6M)
Armando Méndez to third
Pedro Cruz to second
Runner from 3rd tries for Home, SAFE, no throw or cutoff
Batting: RHB Bob Hall 0-0: Ball
1-0: Called Strike
1-1: Ball
2-1: SINGLE (Line Drive, 4MD)
Pedro Cruz to third
Raúl Guerra to second
Runner from 3rd tries for Home, SAFE, no throw or cutoff
Batting: LHB Yoshiaki Ohayashi 0-0: Swinging Strike
0-1: Ball
1-1: Foul Ball, location: 2F
1-2: Ball
2-2: Ball
Wild Pitch!
Raúl Guerra to third
Bob Hall to second
3-2: Foul Ball, location: 2F
3-2: Base on Balls
Batting: LHB Eric Peterson 0-0: SINGLE (Line Drive, 34D)
Raúl Guerra scores
Bob Hall to third
Yoshiaki Ohayashi to second
Runner from 3rd tries for Home, SAFE, no throw or cutoff
Pitching: RHP Clancy Booker
Batting: RHB Cho-yun Qiao 0-0: Ball
1-0: Foul Ball, location: 2F
1-1: Ball
2-1: Ball
3-1: Base on Balls
Yoshiaki Ohayashi to third
Eric Peterson to second
Batting: LHB Tom Robinson 0-0: Fly out, F9 (Flyball, 89D)
Runner from 3rd tags up, SCORES, no throw
Batting: RHB Armando Méndez 0-0: Ball
1-0: Ball
2-0: Called Strike
2-1: Ball
Wild Pitch!
Eric Peterson to third
Cho-yun Qiao to second
3-1: Base on Balls
Batting: LHB Pedro Cruz 0-0: Foul Ball, location: 2F
0-1: Ball
1-1: Ball
2-1: Foul Ball, location: 2F
2-2: DOUBLE (Line Drive, 9M)
Eric Peterson scores
Cho-yun Qiao scores
Armando Méndez to third
Batting: RHB Gabriel Santana 0-0: Called Strike
0-1: Ball
Single, Error in OF, E7, batter to second base
Armando Méndez scores
Pedro Cruz scores
Batting: LHB Raúl Guerra 0-0: Foul Ball, location: 2F
0-1: Ball
1-1: Ball
2-1: Ground out 3-1 (Groundball, 34)
Top of the 9th over - 9 run(s), 6 hit(s), 2 error(s), 1 left on base; Topeka 44 - Trenton 2
BOTTOM OF THE 9TH
Trenton Stars batting - Pitching for Topeka Tornados : LHP Jeremy Meyer
Now at SS: José González
Batting: LHB Ju-wei Shiu 0-0: Swinging Strike
0-1: Called Strike
0-2: Foul Ball, location: 2F
0-2: Strikes out swinging
Pinch Hitting: RHB Gabriel Villegas 0-0: Swinging Strike
0-1: Ball
1-1: Foul Ball, location: 2F
1-2: Ball
2-2: Ball
3-2: Base on Balls
Batting: RHB Chris Cole 0-0: Grounds into double play, 6-4-3 (Groundball, 6)
Bottom of the 9th over - 0 run(s), 0 hit(s), 0 error(s), 0 left on base; Topeka 44 - Trenton 2
Monday, December 5th, 2016 - OOTP Baseball 17.12 Build 75